 Dungeon Crawl Stone Soup version 0.28-a0-683-ga8797d1ae1 (webtiles) character file.

Game seed: 15260933147337530000

237 mordus the Shield-Bearer (level 6, -2/47 HPs)
             Began as a Formicid Fighter on Oct 18, 2021.
             Slain by a bullfrog (6 damage)
             ... in a sewer.
             The game lasted 00:05:46 (4654 turns).

mordus the Shield-Bearer (Formicid Fighter)         Turns: 4654, Time: 00:05:47

Health: -2/47      AC: 10    Str: 23    XL:     6   Next: 28%
Magic:  6/6        EV:  8    Int:  7    God:
Gold:   91         SH:  5    Dex: 10    Spells: 5/5 levels left

rFire   . . .      SeeInvis +   a - +1 flail
rCold   . . .      Faith    .   c - +0 buckler
rNeg    . . .      Spirit   .   l - +0 chain mail
rPois   .          Reflect  .   (helmet unavailable)
rElec   .          Harm     .   (no cloak)
rCorr   .          Rampage  .   (no gloves)
Will    .....                   q - +0 pair of boots
Stlth   ..........              (no amulet)
HPRegen 0.15/turn               (no ring)
MPRegen 0.10/turn               (no ring)

@: very slow
A: permanent stasis, dig shafts and tunnels, antennae 3, four strong arms
a: Dig


You were in a sewer.
You visited 1 branch of the dungeon, and saw 4 of its levels.
You also visited: Sewer.

You collected 91 gold pieces.

Inventory:

Hand Weapons
 a - a +1 flail (weapon)
Armour
 b - a +0 scale mail
 c - a +0 buckler (worn)
 l - a +0 chain mail (worn)
 q - a +0 pair of boots (worn)
Jewellery
 h - a ring of wizardry
Scrolls
 f - a scroll of enchant armour {unknown}
 g - a scroll of fear {unknown}
 i - a scroll of identify
 j - a scroll of enchant weapon
 k - a scroll of teleportation {unknown}
 r - a scroll of fog
Potions
 d - a potion of might
 e - a potion of curing
 m - a potion of haste {unknown}
 n - a potion of invisibility {unknown}
 o - a potion of magic {unknown}
 p - a potion of cancellation {unknown}


   Skills:
 - Level 3.2 Fighting
 * Level 4.5 Maces & Flails
 + Level 4.5 Armour
 + Level 5.0 Shields


You had 5 spell levels left.
You didn't know any spells.
Your spell library was empty.

Dungeon Overview and Level Annotations

Branches:
Dungeon (4/15)              Sewer (1/1)
 Temple: D:4-7

Altars:
Fedhas
Trog

Annotations:
D:4 Pikel


Innate Abilities, Weirdness & Mutations

You cannot be hasted, slowed, berserked, paralysed or teleported.
You can dig through walls and to a lower floor.
You have a pair of large antennae on your head. (SInv)
Your four strong arms can wield two-handed weapons with a shield.


Message History

You are too injured to fight recklessly!
Unknown command.
You are too injured to fight recklessly!
You escape the ball python's grasp.
You enter the shallow water.
Moving in this stuff is going to be slow.
The adder bites you but does no damage. You block the bullfrog's attack.
The adder barely misses you. The bullfrog hits you.
* * * LOW HITPOINT WARNING * * *
The adder completely misses you. The frilled lizard barely misses you.
The adder barely misses you. The bullfrog barely misses you.
The bullfrog hits you but does no damage.
The adder bites you but does no damage. The frilled lizard bites you.
* * * LOW HITPOINT WARNING * * *
The bullfrog hits you.
* * * LOW HITPOINT WARNING * * *
The adder bites you but does no damage. The frilled lizard barely misses you.
The adder bites you.
* * * LOW HITPOINT WARNING * * *
You are poisoned.
The adder poisons you!
You feel better. You block the bullfrog's attack.
The bullfrog hits you but does no damage.
The adder bites you.
* * * LOW HITPOINT WARNING * * *
You block the adder's attack. The adder bites you but does no damage.
The bullfrog hits you.
* * * LOW HITPOINT WARNING * * *
The frilled lizard bites you but does no damage.
The bullfrog closely misses you.
The adder bites you but does no damage. x2
The bullfrog barely misses you. The bullfrog hits you.
* * * LOW HITPOINT WARNING * * *
The adder barely misses you. The adder bites you but does no damage.
You block the ball python's attack. x2
The bullfrog hits you but does no damage.
The adder closely misses you.
The bullfrog hits you but does no damage.
The adder bites you but does no damage. You block the adder's attack.
The ball python bites you but does no damage.
The ball python completely misses you. The bullfrog hits you.
You die...

##...............##
#.........#.......#
##......##'##......##
#......##..###....÷.#
##≈≈≈≈.##..# ##≈≈≈÷.#
#≈≈≈≈≈≈##### #≈≈≈≈≈≈#
#≈≈≈≈≈≈# #≈≈≈≈≈≈#
#≈≈SF≈≈# #≈≈≈≈≈≈#
#≈≈F@S≈# #≈≈≈≈≈≈#
#≈≈S≈S≈# #≈≈≈≈≈≈#
#≈≈lS≈≈# ##≈÷≈≈≈#
#≈≈≈≈≈≈# #≈†.(≈≈#
#≈.≈≈≈≈# ##≈≈≈≈≈#
#≈.†≈≈≈# #≈≈≈≈≈≈#
#≈≈≈≈≈≈# #≈≈≈≈≈≈#
#≈#≈≈≈≈# #≈≈≈≈≈≈#
#≈≈≈≈≈≈# #≈≈≈≈≈≈#


You could see 2 bullfrogs, 3 adders, 2 ball pythons and a frilled lizard.

Vanquished Creatures
  A lemure (D:3)
  8 river rats (Sewer)
  8 adders
  3 worms
  A dart slug (D:3)
  13 ball pythons
  2 bats (D:1)
  4 endoplasms
  4 giant cockroaches
  5 goblins
  9 hobgoblins
  3 jackals (D:3)
  2 quokkas
  5 frilled lizards
  3 kobolds
  26 rats
97 creatures vanquished.

Notes
Turn   | Place    | Note
-------+----------+-------------------------------------------
     0 | D:1      | mordus the Formicid Fighter began the quest for the Orb.
     0 | D:1      | Reached XP level 1. HP: 18/18 MP: 1/1
   221 | D:1      | Reached XP level 2. HP: 21/24 MP: 2/2
  1047 | D:2      | Reached skill level 4 in Shields
  1047 | D:2      | Reached XP level 3. HP: 29/29 MP: 3/3
  1873 | D:3      | Reached XP level 4. HP: 26/35 MP: 4/4
  2138 | D:3      | Found a blossoming altar of Fedhas.
  2927 | D:3      | Found a bloodstained altar of Trog.
  3129 | D:4      | Reached XP level 5. HP: 40/41 MP: 5/5
  3137 | D:4      | Noticed a lemure
  3137 | D:4      | Noticed a lemure
  3138 | D:4      | Noticed Pikel
  3139 | D:4      | Noticed a lemure
  3140 | D:4      | Noticed a lemure
  3189 | D:3      | Killed a lemure
  3335 | D:4      | Found a glowing drain.
  3356 | Sewer    | Entered a sewer
  4260 | Sewer    | Reached XP level 6. HP: 24/47 MP: 6/6
  4310 | Sewer    | Reached skill level 5 in Shields
  4654 | Sewer    | Slain by a bullfrog

Illustrated notes

Levels and vault maps discovered:
D:1:      giann_wishing_wells, layout_basic
D:2:      layout_basic
D:3:      layout_loops_corners, trog_book, fedhas_altar_2
D:4:      layout_loops_ring, cheibrodos_sewer_entry_drain,
          minmay_misc_feat_four_crosses, uniq_pikel
Sewer:    sewer_minmay_w

Skill      XL: |  1  2  3  4  5  6 |
---------------+-------------------+-----
Shields        | 4 5 |  5.0
Maces & Flails | 3 4 |  4.5
Armour         | 4 |  4.5
Fighting       | |  3.2

Action                   |  1- 3 |  4- 6 || total
-------------------------+-------+-------++-------
Melee: Flail             |   111 |   248 ||   359
 Abil: Dig               |       |     1 ||     1
  Use: Scroll            |       |     5 ||     5
       Potion            |       |     2 ||     2
Armor: Scale mail        |    49 |    22 ||    71
       Chain mail        |       |   183 ||   183
Dodge: Dodged            |    59 |   138 ||   197
Block: Buckler           |    29 |    89 ||   118

Table legend: (Time is in decaauts)
 A = Elapsed time spent in this place.
 B = Non-inter-level travel time spent in this place.
 C = Inter-level travel time spent in this place.
 D = Time resting spent in this place.
 E = Time spent auto-exploring this place.
 F = Levels seen in this place.
 G = Mean time per level.
                   A        B        C        D        E       F      G
               +--------+--------+--------+--------+--------+-----+--------+
         Total |   4807 |   4675 |    132 |    958 |   2754 |   5 |  961.4 |
       Dungeon |   3413 |   3281 |    132 |    102 |   2618 |   4 |  853.2 |
         Sewer |   1394 |   1394 |      0 |    856 |    135 |   1 | 1394.0 |
               +--------+--------+--------+--------+--------+-----+--------+

Top non-repeatable levels by time:
     D:3: 1466 daAuts
   Sewer: 1394 daAuts
     D:1: 954 daAuts
     D:2: 870 daAuts
     D:4: 122 daAuts
